 Dungeon Crawl Stone Soup version 0.20-a0-833-gc632bec (webtiles) character file.

264 nikopol the Firebug (level 5, -1/28 HPs)
             Began as a Deep Elf Fire Elementalist on Mar 7, 2017.
             Slain by an iguana (2 damage)
             ... on level 4 of the Dungeon.
             The game lasted 00:17:47 (4921 turns).

nikopol the Firebug (Deep Elf Fire Elementalist)    Turns: 4921, Time: 00:17:48

Health: -1/28      AC:  5    Str:  5    XL:     5   Next: 98%
Magic:  9/13       EV: 14    Int: 19    God:
Gold:   228        SH:  0    Dex: 15    Spells: 2/13 levels left

rFire    . . .     SeeInvis .   r - +1 dagger (venom)
rCold    . . .     Gourm    .   a - +0 robe
rNeg     . . .     Faith    .   (no shield)
rPois    .         Spirit   .   v - +0 helmet
rElec    .         Reflect  .   e - +1 cloak
rCorr    .         Harm     .   (no gloves)
MR       .....                  (no boots)
Stlth    ++........             (no amulet)
Regen    0.1/turn               (no ring)
MPRegen  0.2/turn               i - -2 ring of intelligence (curse)

@: no status effects
A: no striking features
a: no special abilities


You were on level 4 of the Dungeon.
You were not hungry.

You visited 1 branch of the dungeon, and saw 4 of its levels.

You collected 228 gold pieces.

Inventory:

Hand Weapons
 f - a +0 dagger
 h - a +0 dagger of speed
 r - a +1 dagger of venom (weapon)
 A - a +0 dagger of flaming
Armour
 a - a +0 robe (worn)
 e - a +1 cloak (worn)
 v - a +0 helmet (worn)
Jewellery
 i - a cursed -2 ring of intelligence (left hand)
 o - an uncursed ring of protection from fire {unknown}
 G - an uncursed amulet of harm {unknown}
Wands
 y - a wand of paralysis (10/24)
 D - a wand of random effects (15/48)
 F - a wand of polymorph (13/24)
Scrolls
 d - 3 scrolls of enchant weapon {unknown}
 g - a scroll of immolation {unknown}
 k - 2 scrolls of remove curse {unknown}
 p - 3 scrolls of teleportation {unknown}
 q - 8 scrolls of identify {unknown}
 w - a scroll of fog {unknown}
 x - a scroll of enchant armour {unknown}
 C - a scroll of recharging {unknown}
 I - a scroll of fear {unknown}
 J - a scroll of amnesia {unknown}
Potions
 l - 2 potions of mutation {unknown}
 m - 3 potions of ambrosia {unknown}
 n - 3 potions of heal wounds {unknown}
 s - 4 potions of curing {unknown}
 t - a potion of magic {unknown}
 u - 2 potions of flight {unknown}
 B - a potion of might {unknown}
 H - a potion of degeneration {unknown}
Books
 b - a book of Flames

   Spells                             Type                      Level
   a - Flame Tongue                   Conjuration/Fire             1
   b - Throw Flame                    Conjuration/Fire             2
   c - Conjure Flame                  Conjuration/Fire             3
   d - Inner Flame                    Hexes/Fire                   3
   e - Sticky Flame                   Conjuration/Fire             4
   f - Fireball                       Conjuration/Fire             5
 z - a book of Necromancy

   Spells                             Type                      Level
   a - Pain                           Necromancy                   1
   b - Animate Skeleton               Necromancy                   1
   c - Vampiric Draining              Necromancy                   3
   d - Regeneration                   Charms/Necromancy            3
   e - Animate Dead                   Necromancy                   4
   f - Control Undead                 Necromancy                   4
Comestibles
 c - 4 bread rations
 j - 5 meat rations
 E - 3 chunks of flesh


   Skills:
 + Level 3.7 Dodging
 - Level 3.4 Stealth
 + Level 4.5 Spellcasting
 + Level 3.4 Conjurations
 + Level 4.6 Fire Magic


You had 2 spell levels left.
You knew the following spells:

 Your Spells              Type           Power        Failure   Level  Hunger
a - Flame Tongue          Conj/Fire      ###..        2%          1    None
b - Throw Flame           Conj/Fire      ###...       4%          2    #......
c - Conjure Flame         Conj/Fire      ###.....     10%         3    ###....
d - Fireball              Conj/Fire      ###.......   75%         5    ######.


Dungeon Overview and Level Annotations

Branches:
Dungeon (4/15)             Temple (0/1) D:4

Altars:


Message History

The iguana closely misses you.
You hit the iguana but do no damage.
The iguana is moderately wounded.
The iguana bites you!
You closely miss the iguana.
The iguana is moderately wounded.
The iguana bites you!
Ouch! That really hurt!
* * * LOW HITPOINT WARNING * * *
You are too injured to fight recklessly!
You are too injured to fight recklessly!
Casting: Throw Flame
Confirm with . or Enter, or press ? or * to list all spells.
Aiming: Flame Tongue
Press: ? - help, Shift-Dir - straight line, f/p - iguana
Aim: an iguana (moderately wounded, poisoned)
The flame tongue hits the iguana.
The iguana appears unharmed.
The iguana is moderately wounded.
The iguana bites you.
You die...

.....# ##### .....# #....
.....########################.###
.....#........................#
.....#.....###############....#
.....#####.# ##...####
..).)..###.### #..###
.....#..##...##########.##
#######.####...l@.......# #
#.#####...######### ###
#.......#..# ..## ###..#####.##
#..### #...####..########
##...##...#...###........#
###.##.#####.# #...####.#
####....# #.# #...# #.# #.>..####
#.##....# #.#


You could see an iguana.

Vanquished Creatures
  Ijyb (D:1)
  2 worker ants
  Robin (D:3)
  2 adders
  3 gnolls (D:4)
  3 oozes
  4 worms
  A dart slug (D:3)
  3 leopard geckos
  8 orcs
  3 ball pythons
  11 bats
  3 giant cockroaches
  14 goblins
  8 hobgoblins
  6 jackals
  10 kobolds
  A quokka (D:2)
  5 frilled lizards
  10 rats
99 creatures vanquished.

Notes
Turn   | Place    | Note
-------+----------+-------------------------------------------
     0 | D:1      | nikopol the Deep Elf Fire Elementalist began the quest for the Orb.
     0 | D:1      | Reached XP level 1. HP: 10/10 MP: 6/6
   105 | D:1      | Reached XP level 2. HP: 15/15 MP: 4/8
   109 | D:1      | Learned a level 2 spell: Throw Flame
   739 | D:1      | Reached XP level 3. HP: 19/19 MP: 5/10
   779 | D:1      | Learned a level 3 spell: Conjure Flame
  1222 | D:2      | Noticed Ijyb
  1290 | D:1      | Killed Ijyb
  1665 | D:2      | Reached XP level 4. HP: 24/24 MP: 4/11
  2795 | D:3      | Noticed Robin
  3001 | D:3      | Killed Robin
  3299 | D:3      | Reached XP level 5. HP: 28/28 MP: 5/13
  3315 | D:3      | Learned a level 5 spell: Fireball
  4781 | D:4      | Found a staircase to the Ecumenical Temple.
  4920 | D:4      | HP: 1/28 [iguana (14)]
  4921 | D:4      | Slain by an iguana

Vault maps used:
D:1:      scummos_arrival_forest
D:2:      first_bread, uniq_iyjb
D:3:      uniq_robin
D:4:      temple_fountains

Skill      XL: |  1  2  3  4  5 |
---------------+----------------+-----
Stealth        | 3 |  3.4
Conjurations   | 2 3 |  3.4
Spellcasting   | 4 |  4.5
Fire Magic     | 4 |  4.6
Dodging        | 3 |  3.7

Action                   |  1- 3 |  4- 6 || total
-------------------------+-------+-------++-------
Melee: Dagger            |     4 |    77 ||    81
 Cast: Flame Tongue      |    36 |    33 ||    69
       Throw Flame       |    28 |    83 ||   111
 Stab: Sleeping          |       |     4 ||     4
  Eat: Chunk             |     3 |    12 ||    15
Armor: Robe              |     6 |    42 ||    48
Dodge: Dodged            |    12 |    90 ||   102
